 Dungeon Crawl Stone Soup version 0.30-a0-457-g4b7bca3bfa (webtiles) character file.

Game seed: 12771338863728535567

318 GenialerGandalf the Chopper (level 6, 0/53 HPs)
             Began as a Hill Orc Fighter on Dec 13, 2022.
             Was an Initiate of Beogh.
             Slain by Duvessa
             ... wielding a +0 rapier
              (4 damage)
             ... on level 4 of the Dungeon.
             The game lasted 00:17:04 (4725 turns).

GenialerGandalf the Chopper (Hill Orc Fighter)      Turns: 4725, Time: 00:17:04

Health: 0/53       AC:  7    Str: 19 (21) XL:     6   Next: 45%
Magic:  6/6        EV:  8    Int:  7 (8)  God:    Beogh [......]
Gold:   204        SH:  8    Dex:  7 (10) Spells: 5/5 levels left

rFire   . . .      SeeInvis .    a - +0 war axe
rCold   . . .      Faith    .    j - +0 kite shield
rNeg    . . .      Spirit   .    b - +0 scale mail
rPois   .          Reflect  .    (no helmet)
rElec   .          Harm     .    (no cloak)
rCorr   .          Rampage  .    (no gloves)
Will    .....                    (no boots)
Stlth   ..........               (no amulet)
HPRegen 0.28/turn                (no ring)
MPRegen 0.10/turn                (no ring)

@: mighty, silenced, flying, hasted, very quick
A: deterioration 1
a: Renounce Religion


You were on level 4 of the Dungeon.
You worshipped Beogh.
Beogh was noncommittal.
You visited 1 branch of the dungeon, and saw 4 of its levels.

You collected 204 gold pieces.

Inventory:

Hand Weapons
 a - a +0 war axe (weapon)
 q - a +0 quarterstaff {of Chaos of GenialerGandalf's Death}
Armour
 b - a +0 scale mail (worn)
 c - a +0 buckler
 j - a +0 kite shield (worn)
 o - a +0 plate armour
Jewellery
 s - a ring of protection from cold
Wands
 r - a wand of acid (7)
 y - a wand of flame (16)
Scrolls
 e - 4 scrolls of teleportation {unknown}
 f - 8 scrolls of identify {unknown}
 h - a scroll of acquirement {unknown}
 m - 2 scrolls of fog {unknown}
 t - 2 scrolls of silence
 u - 2 scrolls of poison {unknown}
 v - a scroll of enchant weapon {unknown}
 w - a scroll of immolation {unknown}
 x - 3 scrolls of brand weapon {unknown}
Potions
 p - 2 potions of mutation


   Skills:
 * Level 4.5 Fighting
 * Level 5.9 Axes
 * Level 4.8 Armour
 * Level 4.5 Shields


You had 5 spell levels left.
You didn't know any spells.
Your spell library was empty.

Dungeon Overview and Level Annotations

Branches:
Dungeon (4/15)             Temple (0/1) D:4

Altars:
Dithmenos
Hepliaklqana
Wu Jian
Yredelemnul

Shops:
D:1 (   D:3 (::

Annotations:
D:4 Dowan, Duvessa


Innate Abilities, Weirdness & Mutations

Your body sometimes deteriorates upon taking damage.


Message History

Duvessa is lightly wounded.
You closely miss Dowan. Duvessa hits you with a +0 rapier.
Dowan hits you with a +0 club. Duvessa hits you with a +0 rapier.
* * * LOW HITPOINT WARNING * * *
Dowan closely misses you.
You feel very mighty all of a sudden. Duvessa hits you with a +0 rapier.
* * * LOW HITPOINT WARNING * * *
You block Dowan's attack.
You closely miss Duvessa.
Duvessa is lightly wounded.
You hit Dowan. You block Duvessa's attack. Dowan hits you with a +0 club.
* * * LOW HITPOINT WARNING * * *
Duvessa says, "Where magic fails, the sword succeeds!"
Duvessa throws a silver javelin.
The silver javelin pierces through you but does no damage.
* * * LOW HITPOINT WARNING * * *
As you read the scroll labelled INO BAHEDEGU, it crumbles to dust.
A profound silence engulfs you.
It was a scroll of silence.
It was a potion of mutation.
You feel extremely strange.
You feel yourself wasting away.
It was a potion of flight.
You feel very buoyant.
You fly up into the air.
Duvessa closely misses you. Dowan hits you but does no damage.
It was a potion of heal wounds.
You feel much better. You block Duvessa's attack. Dowan barely misses you.
Duvessa attacks as you move away! Duvessa hits you with a +0 rapier!
Duvessa throws a silver javelin.
The silver javelin pierces through you!
* * * LOW HITPOINT WARNING * * *
Your body deteriorates!
You feel weakened. The silver sears you!
* * * LOW HITPOINT WARNING * * *
It was a potion of degeneration.
There was something very wrong with that liquid.
You feel weakened.
You feel dopey.
You feel clumsy.
It was a potion of magic.
Magic courses through your body.
It was a potion of haste.
You feel yourself speed up. Duvessa hits you with a +0 rapier.
You die...

.)..♣...♣...~~~...## #....⌠...##
......♣.....~8~....# #.........#
♣...........~~~....####.⌠.>.⌠..##
♣...........~~~.....# #.......#.#
♣......8....~~~.....# #...⌠......
............~~~.....# ###......#.
............~~~....## ########.
............~~~...## ##
....♣.......~⌠~.@## #
....♣.......~~~ee# #
....♣.....♣......# #
..♣.P)...♣♣♣♣♣♣..###
....P..............#
_..♣.................# ##
.......................# ##.
..♣PP....♣♣♣♣♣♣♣........ ###..
.......... ......... #....


You could see Duvessa and Dowan.

Vanquished Creatures
  2 necrophages (D:4)
  A jelly (D:4)
  An orc priest (D:4)
  2 adders
  An ufetubus (D:4)
  2 worms
  3 dart slugs
  5 orcs
  5 endoplasms
  7 giant cockroaches
  7 goblins
  7 hobgoblins
  2 quokkas
  5 ball pythons
  3 bats
  3 frilled lizards (D:2)
  5 kobolds
  8 rats
  61 bushes (D:4)
130 creatures vanquished.

Vanquished Creatures (others)
  An orc priest (D:4)
  A hound (D:4)
  An adder (D:4)
  5 orcs (D:4)
  A goblin (D:4)
  76 plants (D:3)
85 creatures vanquished.

Grand Total: 215 creatures vanquished

Notes
Turn   | Place    | Note
-------+----------+-------------------------------------------
     0 | D:1      | GenialerGandalf the Hill Orc Fighter began the quest for
                  | the Orb.
     0 | D:1      | Reached XP level 1. HP: 19/19 MP: 1/1
    52 | D:1      | Reached XP level 2. HP: 27/27 MP: 2/2
    56 | D:1      | Found Neocuull's Antique Weapon Emporium.
   323 | D:1      | Reached skill level 3 in Axes
   668 | D:2      | Reached XP level 3. HP: 33/33 MP: 3/3
  1333 | D:3      | Found an ornate altar of the Wu Jian Council.
  1387 | D:3      | Found a hazy altar of Hepliaklqana.
  1417 | D:3      | Reached XP level 4. HP: 40/40 MP: 4/4
  1453 | D:3      | Found Qautiont's Book Emporium.
  1578 | D:3      | Found Wiwaat's Book Shop.
  1665 | D:3      | Found a shadowy altar of Dithmenos.
  1758 | D:3      | Found Aboikhoida's Weapon Shop.
  1796 | D:3      | Reached skill level 4 in Axes
  2148 | D:4      | Became a worshipper of Beogh the Brigand
  2226 | D:4      | Reached XP level 5. HP: 32/46 MP: 5/5
  2772 | D:4      | Found a basalt altar of Yredelemnul.
  3198 | D:4      | Reached skill level 5 in Axes
  3206 | D:4      | Reached XP level 6. HP: 37/53 MP: 6/6
  4635 | D:4      | Found a staircase to the Ecumenical Temple.
  4704 | D:4      | Noticed Dowan
  4705 | D:4      | Noticed Duvessa
  4716 | D:4      | HP: 2/53 [Duvessa/silver javelin (1)]
  4718 | D:4      | Gained mutation: Your body sometimes deteriorates upon
                  | taking damage. [potion of mutation]
  4725 | D:4      | Slain by Duvessa

Illustrated notes

Levels and vault maps discovered:
D:1:      wander_arrival_chamber, layout_rooms, serial_shops,
          nicolae_square_shop
D:2:      layout_basic
D:3:      layout_loops_ring, nicolae_dithmenos_through_a_glass_darkly,
          mainiacjoe_overflow_catch_the_wave, serial_shops,
          nicolae_shop_advertising_works [nicolae_subvault_shop_adworks],
          nicolae_shop_trees, shop, minivault_24
D:4:      layout_cave_pods, temple_fountains, serial_park, serial_park_gazebo
          [serial_park_minivault_5x5_8], serial_park_paths
          [serial_park_minivault_5x5_4], st_stairs_2,
          nicolae_concentric_dashed_squares_wild, uniq_duvessa

Skill      XL: |  1  2  3  4  5 |
---------------+----------------+-----
Axes           | 3 4 5 |  5.9
Fighting       | 4 |  4.5
Armour         | 4 |  4.8
Shields        | 4 |  4.5

Action                   |  1- 3 |  4- 6 || total
-------------------------+-------+-------++-------
Melee: War axe           |   133 |  1909 ||  2042
Invok: Convert to Beogh  |       |     1 ||     1
  Use: Potion            |       |     7 ||     7
       Scroll            |       |     1 ||     1
Armor: Scale mail        |    56 |    53 ||   109
Dodge: Dodged            |    43 |    47 ||    90
Block: Buckler           |     5 |       ||     5
       Kite shield       |    46 |    57 ||   103

Table legend: (Time is in decaauts)
 A = Elapsed time spent in this place.
 B = Non-inter-level travel time spent in this place.
 C = Inter-level travel time spent in this place.
 D = Time resting spent in this place.
 E = Time spent auto-exploring this place.
 F = Levels seen in this place.
 G = Mean time per level.
                   A        B        C        D        E       F      G
               +--------+--------+--------+--------+--------+-----+--------+
         Total |   5544 |   5492 |     52 |      0 |   1735 |   4 | 1386.0 |
       Dungeon |   5544 |   5492 |     52 |      0 |   1735 |   4 | 1386.0 |
               +--------+--------+--------+--------+--------+-----+--------+

Top non-repeatable levels by time:
     D:4: 3305 daAuts
     D:3: 936 daAuts
     D:2: 744 daAuts
     D:1: 558 daAuts
